 Dungeon Crawl Stone Soup version 0.21.1-1-g345015f (webtiles) character file.

512306 n0claF the Impregnable (level 23, -4/228 HPs)
             Began as a Minotaur Fighter on June 26, 2018.
             Was the Champion of Okawaru.
             Killed by divine providence
             ... invoked by a daeva
              (12 damage)
             ... on level 4 of the Depths.
             The game lasted 02:47:15 (43387 turns).

n0claF the Impregnable (Minotaur Fighter)          Turns: 43387, Time: 02:47:16

Health: -4/228     AC: 48    Str: 59    XL:     23   Next: 95%
Magic:  31/31      EV: 18    Int: 10    God:    Okawaru [******]
Gold:   3634       SH: 10    Dex: 10    Spells: 22/22 levels left

rFire    + + +     SeeInvis +   C - +6 double sword of Holasasm {flame, +Fly Str+4 Int+3 Dex-4}
rCold    + . .     Gourm    .   m - +2 buckler of Tiromp {rF++ Dex+4}
rNeg     + + +     Faith    .   O - +7 crystal plate armour of Qoecve {+Blink MP+9 Str+9 Dex-2}
rPois    +         Spirit   .   U - +2 hat {MR+}
rElec    .         Reflect  .   h - +1 cloak "Titsonoc" {Regen+ Str+4 Int+2 Dex+2}
rCorr    .         Harm     .   x - +0 pair of gloves of Okawaru {rC+ rN+ Str+2 Int-2}
MR       +++..                  S - +2 pair of boots "Rot Zeis" {*Contam rF++ Slay+5}
Stlth    ..........             z - amulet of Oschosam {rPois rF+ MR+ Regen+ Str+2}
HPRegen  1.28/turn              R - ring "Nesiprodeu" {rPois rF- rN+ Str+2 SInv}
MPRegen  0.22/turn              Y - ring of Tobuenar {rN+ Str+5}

@: no status effects
A: retaliatory headbutt, horns 2, molten scales 1, rugged brown scales 1, clever
1, evolution 1
}: 3/15 runes: decaying, silver, gossamer
a: Heroism, Finesse, Renounce Religion, Evoke Blink, Evoke Flight


You were on level 4 of the Depths.
You worshipped Okawaru.
Okawaru was exalted by your worship.
You were not hungry.

You visited 9 branches of the dungeon, and saw 43 of its levels.
You also visited: Ossuary, Volcano and Desolation.

You collected 5521 gold pieces.
You spent 1887 gold pieces at shops.

Inventory:

Hand Weapons
 b - the +1 fustibalus of Letoss {velocity, rN++ Dex+4}
   (You found it on level 9 of the Dungeon)

   Any stone fired from it inflicts extra damage.
   It affects your dexterity (+4).
   It greatly protects you from negative energy.
 d - a +5 trishula of holy wrath
   (You took it off Mennas on level 4 of the Vaults)
 n - the +2 flail of Desertification {crush, MR+}
   (Okawaru gifted it to you on level 3 of the Depths)

   It inflicts extra damage upon your enemies.
   It affects your resistance to hostile enchantments.
 C - the +6 double sword of Holasasm (weapon) {flame, +Fly Str+4 Int+3 Dex-4}
   (Okawaru gifted it to you on level 5 of the Vaults)

   It has been specially enchanted to burn those struck by it, causing extra
   injury to most foes and up to half again as much damage against particularly
   susceptible opponents.
   Big, fiery blades are also staple armaments of hydra-hunters.
   It affects your strength (+4).
   It affects your intelligence (+3).
   It affects your dexterity (-4).
   It lets you fly.
 G - a +3 triple sword of protection
   (Okawaru gifted it to you on level 2 of the Depths)
Missiles
 F - 3 throwing nets (quivered) {!f}
Armour
 h - the +1 cloak "Titsonoc" (worn) {Regen+ Str+4 Int+2 Dex+2}
   (You found it on level 14 of the Dungeon)

   It affects your strength (+4).
   It affects your intelligence (+2).
   It affects your dexterity (+2).
   It increases your rate of regeneration.
 j - the +8 chain mail of Diffir {rElec Int-3 Dex+9 Stlth+}
   (Okawaru gifted it to you on level 15 of the Dungeon)

   It affects your intelligence (-3).
   It affects your dexterity (+9).
   It insulates you from electricity.
   It makes you more stealthy.
 m - the +2 buckler of Tiromp (worn) {rF++ Dex+4}
   (Okawaru gifted it to you on level 4 of the Vaults)

   It affects your dexterity (+4).
   It greatly protects you from fire.
 x - the +0 pair of gloves of Okawaru (worn) {rC+ rN+ Str+2 Int-2}
   (Okawaru gifted it to you on level 5 of the Vaults)

   It affects your strength (+2).
   It affects your intelligence (-2).
   It protects you from cold.
   It protects you from negative energy.
 O - the +7 crystal plate armour of Qoecve (worn) {+Blink MP+9 Str+9 Dex-2}
   (Okawaru gifted it to you on level 6 of the Lair of Beasts)

   It affects your strength (+9).
   It affects your dexterity (-2).
   It affects your magic capacity (+9).
   It lets you blink.
 S - the +2 pair of boots "Rot Zeis" (worn) {*Contam rF++ Slay+5}
   (Okawaru gifted it to you on level 12 of the Dungeon)

   It affects your accuracy and damage with ranged weapons and melee attacks
   (+5).
   It greatly protects you from fire.
   It causes magical contamination when unequipped.
 U - a +2 hat of magic resistance (worn)
   (Okawaru gifted it to you on level 4 of the Spider Nest)
Jewellery
 z - the amulet of Oschosam (around neck) {rPois rF+ MR+ Regen+ Str+2}
   (You took it off an imperial myrmidon in the Desolation of Salt)

   [amulet of regeneration]

   It affects your strength (+2).
   It protects you from fire.
   It protects you from poison.
   It affects your resistance to hostile enchantments.
   It increases your rate of regeneration.
 R - the ring "Nesiprodeu" (left hand) {rPois rF- rN+ Str+2 SInv}
   (You found it on level 9 of the Dungeon)

   [ring of positive energy]

   It affects your strength (+2).
   It makes you vulnerable to fire.
   It protects you from poison.
   It protects you from negative energy.
   It lets you see invisible.
 Y - the ring of Tobuenar (right hand) {rN+ Str+5}
   (You took it off an ironbrand convoker in the Desolation of Salt)

   [ring of strength]

   It affects your strength (+5).
   It protects you from negative energy.
Wands
 c - a wand of disintegration (24) {!d}
   (You found it on level 2 of the Spider Nest)
 u - a wand of paralysis (19)
   (You found it in a volcano)
 v - a wand of digging (23)
   (You found it on level 10 of the Dungeon)
 N - a wand of scattershot (6)
   (You found it on level 3 of the Depths)
Scrolls
 k - a scroll of summoning
 l - 16 scrolls of remove curse {@r2}
 p - a scroll of immolation {!r}
 y - 5 scrolls of teleportation {@r4}
 D - a scroll of identify {@r1}
 I - 9 scrolls of blinking
 J - 2 scrolls of fog
 L - 6 scrolls of enchant armour
 M - a scroll of fear
 P - 4 scrolls of magic mapping
Potions
 a - 3 potions of magic
 f - 3 potions of ambrosia
 i - 11 potions of flight
 s - 4 potions of might
 t - 3 potions of brilliance
 A - 11 potions of curing {@q1}
 B - 10 potions of haste {@q3}
 E - a potion of resistance
 H - 6 potions of agility
 Z - 3 potions of cancellation
Books
 g - a book of Debilitation
   (You found it on level 4 of the Vaults)
 o - a book of Changes
   (You found it on level 5 of the Vaults)
 r - the Catalogue of Creative Stolen Souls
   (You found it on level 5 of the Vaults)

   Spells                             Type                      Level
   a - Agony                          Necromancy                   5
   b - Aura of Abjuration             Summoning                    5
   c - Summon Forest                  Summoning/Translocation      5
   d - Summon Demon                   Summoning                    5
 w - a book of Annihilations
   (You found it on level 5 of the Vaults)
 V - a book of Frost
   (You found it on level 5 of the Vaults)
Comestibles
 e - 65 rations {!d}
 q - 11 chunks of flesh


   Skills:
 + Level 21.8 Fighting
 + Level 18.8 Long Blades
 - Level 20.0 Maces & Flails
 - Level 10.0 Polearms
 + Level 21.9 Armour
 + Level 20.1 Dodging
 + Level 16.9 Shields


You had 22 spell levels left.
You didn't know any spells.

Dungeon Overview and Level Annotations

Branches:
Dungeon (15/15)            Temple (1/1) D:4            Lair (6/6) D:11
  Swamp (4/4) Lair:3       Spider (4/4) Lair:2        Slime (0/5) Lair:6
    Orc (2/2) D:10            Elf (2/3) Orc:2        Vaults (5/5) D:13
  Crypt (0/3) Vaults:3     Depths (4/5) D:15

Altars:
Ashenzari
Cheibriados
Dithmenos
Elyvilon
Fedhas
Gozag
Hepliaklqana
Kikubaaqudgha
Makhleb
Nemelex Xobeh
Okawaru
Qazlal
Ru
Sif Muna
Trog
Uskayaw
Vehumet
Wu Jian
Xom
Yredelemnul
Zin
The Shining One

Shops:
D:8 [   D:12 (   D:14 :   Orc:2 }((*   Vaults:3 %([*   Vaults:4 !}(**
Depths:1 }   Depths:2 ![

Portals:
Hell: Depths:1 Depths:2 Depths:3
Abyss: Depths:1 Depths:2
Pandemonium: Depths:3
Ziggurat: Depths:4

Annotations:
Elf:2 3 runed doors


Innate Abilities, Weirdness & Mutations

You reflexively headbutt those who attack you in melee.
You have a pair of horns on your head.
You are partially covered in molten scales. (AC +2)
You are partially covered in rugged brown scales. (AC +1, +3% HP)
Your mind is acute. (Int +2)
You evolve.


Message History

Okawaru accepts your kill.
The daeva calls down the wrath of the Shining One upon you.
The Shining One smites you!
* * * LOW HITPOINT WARNING * * *
You slice the spark wasp!! You burn the spark wasp!
You headbutt the spark wasp.
The spark wasp stings you but does no damage. x2
The daeva calls down the wrath of the Shining One upon you.
The Shining One smites you!
* * * LOW HITPOINT WARNING * * *
You open the spark wasp like a pillowcase!!!
You burn the spark wasp.
You kill the spark wasp!
Okawaru accepts your kill.
The spark wasp stings you but does no damage.
The daeva calls down the wrath of the Shining One upon you.
The Shining One smites you!
* * * LOW HITPOINT WARNING * * *
The daeva calls down the wrath of the Shining One upon you.
The Shining One smites you!
* * * LOW HITPOINT WARNING * * *
You slash the spark wasp! You burn the spark wasp. You headbutt the spark wasp!
The spark wasp stings you but does no damage.
The daeva calls down the wrath of the Shining One upon you.
The Shining One smites you!
* * * LOW HITPOINT WARNING * * *
You slice the spark wasp!! You burn the spark wasp!
You kill the spark wasp!
Okawaru accepts your kill.
The daeva calls down the wrath of the Shining One upon you.
The Shining One smites you!
* * * LOW HITPOINT WARNING * * *
There are monsters nearby!
Some of the chunks of flesh in your inventory have rotted away.
The daeva calls down the wrath of the Shining One upon you.
The Shining One smites you!
* * * LOW HITPOINT WARNING * * *
The daeva calls down the wrath of the Shining One upon you.
The Shining One smites you!
* * * LOW HITPOINT WARNING * * *
The daeva calls down the wrath of the Shining One upon you.
The Shining One smites you!
* * * LOW HITPOINT WARNING * * *
You feel much better.
The daeva calls down the wrath of the Shining One upon you.
The Shining One smites you!
* * * LOW HITPOINT WARNING * * *
The daeva calls down the wrath of the Shining One upon you.
The Shining One smites you!
You die...

.'............#......###..#.#
...#####......#'##..##.##...#
..## #............##AAA##..#
.## #.PPPP........##A##...#
## #.P♣♣P.........###....#
#.P♣♣P..[....!†.#†.#
#.PPPP............+... #
#.................# #
#.........@..###+## #
#######......+ # #......# #
#.≈≈≈≈.# # #.≈≈≈≈.# #
#.≈≈≈≈.# # ######## # #


You could see 3 daevas and an angel.

Vanquished Creatures
  Mara (Depths:1)
  An ancient lich (Vaults:5)
  Mennas (Vaults:4)
  Bai Suzhen (Swamp:3)
  2 golden dragons (Vaults:5)
  Jorgrun (Spider:2)
  4 tentacled monstrosities (Vaults:5)
  A quicksilver dragon (Vaults:5)
  2 titans (Vaults:5)
  Agnes (Spider:4)
  7 sphinxes
  4 shadow dragons (Vaults:5)
  A thorn hunter (Swamp:3)
  Donald (Vaults:4)
  3 storm dragons
  An azure jelly (shapeshifter) (Vaults:5)
  8 tengu reavers
  6 frost giants
  8 fire giants
  13 vault wardens
  8 deep elf sorcerers
  2 imperial myrmidons (Desolation)
  5 ghost moths
  Aizul (Vaults:4)
  12 emperor scorpions
  A deep elf elementalist (Vaults:5)
  17 ironheart preservers
  8 very ugly things
  A ghoul (Vaults:4)
  4 war gargoyles (Vaults:5)
  3 entropy weavers
  15 stone giants
  Nessos (D:14)
  The ghost of chorionicmirror the Peltast, a journeyman MiFi of Zin (D:13)
  A vampire knight (Depths:2)
  Azrael (Spider:2)
  4 deep elf demonologists
  A red draconian (Volcano)
  A halazid warlock (Desolation)
  3 deep elf annihilators
  3 spark wasps (Depths:4)
  6 dire elephants (Lair:6)
  3 crystal guardians (Desolation)
  11 ettins
  10 fire dragons
  17 yaktaur captains
  2 deep elf high priests (Vaults:5)
  3 ragged hierophants (Desolation)
  4 deep elf death magi
  9 great orbs of eyes
  2 rakshasas
  26 hydras
  9 centaur warriors
  A hell beast (Depths:1)
  6 peacekeepers
  6 servants of whispers (Desolation)
  10 ice dragons
  26 vault guards
  3 spriggan air magi
  4 ghost crabs
  61 two-headed ogres
  2 anacondas
  6 dancing weapons
  3 alligators
  12 death yaks
  18 ogre magi
  2 death knights
  11 tengu warriors
  An alligator (shapeshifter) (Vaults:5)
  9 deep troll shamans
  9 deep troll earth magi
  5 spriggan berserkers (Depths:4)
  Urug (Orc:1)
  2 vampire magi
  17 deep elf knights
  An orc high priest (Orc:2)
  A fire crab (shapeshifter) (Elf:2)
  11 spriggans
  A shadow wraith (Vaults:3)
  38 deep trolls
  3 skeletal warriors
  6 hell knights (Depths:4)
  8 swamp dragons
  A death drake (shapeshifter) (Depths:1)
  6 iron trolls
  2 spriggan druids
  2 unseen horrors
  A small abomination (Vaults:5)
  5 shambling mangroves
  3 glowing orange brains
  2 flayed ghosts
  11 wizards
  10 deep elf archers
  6 phantasmal warriors
  A tengu zombie (D:15)
  3 necromancers
  16 orc knights
  61 deep elf magi
  2 harpies (shapeshifter)
  14 orb spiders
  19 ironbrand convokers
  22 ugly things
  5 orc sorcerers
  An orb spider (shapeshifter) (Vaults:3)
  An iron dragon zombie (Depths:2)
  9 oklob plants
  A frost giant zombie (D:15)
  20 wolf spiders
  2 salamanders (shapeshifter)
  A stone giant zombie (D:15)
  2 manticores
  A fire giant zombie (Depths:2)
  8 cyclopes
  A cyclops (shapeshifter) (Vaults:1)
  A rust devil (Depths:1)
  2 guardian serpents (Desolation)
  14 elephants
  A molten gargoyle (Desolation)
  5 black mambas
  2 gargoyles
  A storm dragon simulacrum (Vaults:2)
  8 vault sentinels
  A spiny frog (shapeshifter) (Vaults:2)
  21 spiny frogs
  2 rime drakes
  A kobold demonologist (D:11)
  A centaur skeleton (D:14)
  5 komodo dragons
  53 yaktaurs
  An ice devil (Depths:1)
  A red devil (Depths:2)
  10 freezing wraiths
  12 demonic crawlers
  2 queen bees
  6 tengu conjurers
  A troll (shapeshifter) (Elf:1)
  A polar bear (shapeshifter) (Vaults:3)
  27 jumping spiders
  A meliai (shapeshifter) (Depths:1)
  14 trolls
  29 hornets
  2 polar bears
  27 blink frogs
  11 tyrant leeches
  A deep troll zombie (Depths:1)
  9 hippogriffs
  43 saltlings
  An ice dragon zombie (D:15)
  A slime creature (D:15)
  10 bog bodies
  A meliai zombie (D:15)
  A hippogriff (shapeshifter) (Vaults:2)
  A centaur simulacrum (D:15)
  47 yaks
  An air elemental (Elf:2)
  2 shadows
  3 wraiths
  80 redbacks
  6 water elementals
  A spriggan (shapeshifter) (Vaults:4)
  28 tarantellas
  4 basilisks
  5 fire elementals
  2 hogs (shapeshifter) (Vaults:1)
  5 wyverns
  3 hungry ghosts
  8 vampire mosquitoes
  A basilisk (shapeshifter) (Vaults:5)
  8 wargs
  7 insubstantial wisps
  18 water moccasins
  2 soldier ants
  3 hell hounds
  A naga (shapeshifter) (Vaults:5)
  An acid dragon (D:13)
  12 swamp worms
  33 orc warriors
  8 porcupines
  3 sky beasts (D:12)
  13 swamp drakes
  A hornet zombie (D:8)
  2 necrophages
  The ghost of Iko the Skirmisher, an amateur CeBe of Trog (D:5)
  8 boggarts
  9 ice beasts
  54 ogres
  6 wolves (Lair:6)
  13 centaurs
  5 crocodiles
  14 bullfrogs
  6 big kobolds
  Blork the orc (D:4)
  5 gnoll sergeants (D:10)
  A human simulacrum (Depths:2)
  3 wyvern zombies
  5 earth elementals
  A wyvern skeleton (D:14)
  6 scorpions
  A scorpion (shapeshifter) (Vaults:5)
  44 killer bees
  13 wights
  2 howler monkeys
  3 bullfrog zombies
  10 crimson imps
  3 hounds
  A gnoll shaman (D:5)
  13 orc priests
  A jelly (D:10)
  11 orc wizards
  5 bullfrog skeletons
  Ijyb (D:4)
  Terence (D:3)
  7 iguanas
  11 worker ants
  A big kobold zombie (Ossuary)
  8 mummies (Ossuary)
  11 gnolls
  14 adders
  4 shadow imps
  2 oozes
  An adder skeleton (D:7)
  2 adder zombies
  A dart slug (D:1)
  6 leopard geckos
  59 orcs
  5 giant cockroaches
  A gnoll zombie (Ossuary)
  18 goblins
  9 hobgoblins
  8 jackals
  2 quokkas
  10 ball pythons
  6 bats
  9 frilled lizards
  2 hobgoblin zombies (Ossuary)
  16 kobolds
  3 kobold zombies (Ossuary)
  An orc zombie (Ossuary)
  A quokka skeleton (D:8)
  10 rats
  A crawling corpse (Vaults:5)
1900 creatures vanquished.

Vanquished Creatures (others)
  Asterion (Spider:4)
  A ghost moth (Spider:4)
  An ironheart preserver (Vaults:5)
  An ogre mage (Vaults:1)
  A wolf spider (Spider:4)
  A demonic crawler (Spider:4)
  2 jumping spiders
  2 spriggans (Swamp:4)
  A tarantella (Spider:3)
  A shadow (D:14)
  A swamp drake (Swamp:4)
  3 briar patches (Swamp:3)
  3 fungi
  8 plants
  A withered plant (D:15)
28 creatures vanquished.

Grand Total: 1928 creatures vanquished

Notes
Turn   | Place    | Note
-------+----------+-------------------------------------------
     0 | D:1      | n0claF the Minotaur Fighter began the quest for the Orb.
     0 | D:1      | Reached XP level 1. HP: 19/19 MP: 0/0
    38 | D:1      | Reached XP level 2. HP: 27/27 MP: 1/1
   109 | D:1      | Reached skill level 1 in Dodging
   343 | D:1      | Reached XP level 3. HP: 33/33 MP: 2/2
   932 | D:2      | Found a stormy altar of Qazlal.
  1160 | D:3      | Reached XP level 4. HP: 28/41 MP: 3/3
  1316 | D:3      | Noticed Terence
  1332 | D:3      | Killed Terence
  1535 | D:3      | Reached XP level 5. HP: 34/47 MP: 4/4
  1716 | D:3      | Noticed an ice beast
  1733 | D:3      | Killed an ice beast
  2114 | D:3      | Found an ornate altar of the Wu Jian Council.
  2350 | D:3      | Reached XP level 6. HP: 13/55 MP: 5/5
  2765 | D:3      | Found a burning altar of Makhleb.
  2849 | D:4      | Noticed Blork the orc
  2853 | D:4      | Reached skill level 5 in Fighting
  2854 | D:4      | Killed Blork the orc
  2854 | D:4      | Reached skill level 5 in Armour
  2854 | D:4      | Reached skill level 5 in Shields
  2967 | D:4      | Noticed Ijyb
  2977 | D:4      | Reached skill level 1 in Maces & Flails
  2979 | D:4      | Killed Ijyb
  3454 | D:4      | Found a staircase to the Ecumenical Temple.
  3461 | Temple   | Entered the Ecumenical Temple
  3551 | Temple   | Became a worshipper of Warmaster Okawaru
  3910 | D:5      | Entered Level 5 of the Dungeon
  3971 | D:5      | Noticed a dagger
  3971 | D:5      | Noticed a hand axe
  3977 | D:5      | Found a hide-covered altar of Uskayaw.
  4021 | D:5      | Reached XP level 7. HP: 61/61 MP: 6/6
  4076 | D:5      | Reached * piety under Okawaru
  4470 | D:5      | Noticed Iko's ghost (amateur CeBe)
  4490 | D:5      | Killed Iko's ghost
  5445 | D:5      | Reached XP level 8. HP: 70/70 MP: 7/7
  5881 | D:6      | Reached ** piety under Okawaru
  5881 | D:6      | Reached skill level 5 in Dodging
  6295 | D:6      | Found a hazy altar of Hepliaklqana.
  6416 | D:7      | Found a sand-covered staircase.
  6460 | D:7      | Found a radiant altar of Vehumet.
  6483 | Ossuary  | Entered an ossuary
  6725 | D:7      | Reached skill level 5 in Maces & Flails
  6725 | D:7      | Reached XP level 9. HP: 68/79 MP: 8/8
  6845 | D:7      | Found an ancient bone altar of Kikubaaqudgha.
  6956 | D:7      | Reached *** piety under Okawaru
  7510 | D:8      | Noticed a two-headed ogre
  7532 | D:8      | Killed a two-headed ogre
  7689 | D:8      | Reached **** piety under Okawaru
  7803 | D:8      | Reached XP level 10. HP: 85/90 MP: 9/9
  7958 | D:8      | You fall through a shaft for 2 floors!
  7958 | D:10     | Entered Level 10 of the Dungeon
  8260 | D:10     | Reached ***** piety under Okawaru
  8981 | D:10     | Found a staircase to the Orcish Mines.
  9082 | D:10     | Received a gift from Okawaru
  9796 | D:9      | Reached skill level 10 in Fighting
  9796 | D:9      | Reached XP level 11. HP: 99/99 MP: 10/10
  9801 | D:9      | Noticed a deep elf mage
  9812 | D:9      | Killed a deep elf mage
  9818 | D:9      | Reached skill level 10 in Armour
  9839 | D:9      | Reached skill level 10 in Shields
  9973 | D:9      | Got a steaming tin ring
  9976 | D:9      | Got a faintly glowing fustibalus
 10069 | D:9      | Noticed a two-headed ogre
 10082 | D:9      | Killed a two-headed ogre
 10294 | D:9      | Identified the cursed +1 fustibalus of Letoss {velocity, rN++ Dex+4} (You found it on level 9 of the Dungeon)
 10482 | D:8      | Noticed a two-headed ogre
 10492 | D:8      | Killed a two-headed ogre
 10594 | D:8      | Found Uroh Kem's Antique Armour Boutique.
 10603 | D:8      | Bought a glowing plate armour for 624 gold pieces
 10725 | D:11     | Identified the ring "Nesiprodeu" {rPois rF- rN+ Str+2 SInv} (You found it on level 9 of the Dungeon)
 10847 | D:11     | Noticed a soul eater
 11196 | D:11     | Found a staircase to the Lair.
 11317 | D:12     | Noticed a death knight
 11317 | D:12     | Noticed a purple ugly thing
 11336 | D:11     | Killed a death knight
 11336 | D:11     | Received a gift from Okawaru
 11647 | D:12     | Killed a purple ugly thing
 11647 | D:12     | Reached ****** piety under Okawaru
 11715 | D:12     | Noticed a red ugly thing
 11736 | D:11     | Killed a red ugly thing
 11736 | D:11     | Received a gift from Okawaru
 12003 | D:12     | Noticed a two-headed ogre
 12015 | D:12     | Killed a two-headed ogre
 12366 | D:12     | Reached XP level 12. HP: 83/110 MP: 11/11
 12578 | D:12     | Found Tocria's Antique Weapon Emporium.
 12680 | D:12     | Received a gift from Okawaru
 12684 | D:12     | Reached skill level 10 in Dodging
 12691 | D:12     | Got a pair of slimy boots {god gift}
 12710 | D:12     | Identified the +2 pair of boots "Rot Zeis" {*Contam rF++ Slay+5} (Okawaru gifted it to you on level 12 of the Dungeon)
 13083 | D:13     | Found a gate to the Vaults.
 13121 | D:13     | Noticed a tengu warrior
 13161 | D:12     | Killed a tengu warrior
 13563 | D:13     | Noticed chorionicmirror's ghost (journeyman MiFi)
 14128 | D:13     | Noticed a centaur warrior
 14135 | D:13     | Killed a centaur warrior
 14172 | D:13     | Noticed a six-headed hydra
 14181 | D:13     | Killed a six-headed hydra
 14342 | D:13     | Killed chorionicmirror's ghost
 14615 | D:13     | Received a gift from Okawaru
 14898 | D:14     | Noticed a fire dragon
 14912 | D:14     | Killed a fire dragon
 14913 | D:14     | Noticed a tengu warrior
 14913 | D:14     | Noticed a tengu warrior
 14939 | D:14     | Killed a tengu warrior
 14939 | D:14     | Reached XP level 13. HP: 69/118 MP: 12/12
 15352 | D:14     | Got a pitted cloak
 15363 | D:14     | Identified the +1 cloak "Titsonoc" {Regen+ Str+4 Int+2 Dex+2} (You found it on level 14 of the Dungeon)
 15431 | D:14     | Reached skill level 5 in Long Blades
 15509 | D:14     | Found Lifukh's Book Boutique.
 15581 | D:14     | Noticed Nessos
 15608 | D:14     | Killed Nessos
 15753 | D:15     | Entered Level 15 of the Dungeon
 15942 | D:15     | Received a gift from Okawaru
 16064 | D:15     | Noticed a fire dragon
 16076 | D:15     | Killed a fire dragon
 16076 | D:15     | Received a gift from Okawaru
 16077 | D:15     | Got a smoking great mace {god gift}
 16083 | D:15     | Identified the +1 great mace "Riode" {elec, Fragile rN+ Str+4 Dex+3} (Okawaru gifted it to you on level 15 of the Dungeon)
 16195 | D:15     | Found a staircase to the Depths.
 16217 | D:15     | Received a gift from Okawaru
 16401 | D:15     | Gained mutation: You have large cloven feet. [potion of mutation]
 16401 | D:15     | Gained mutation: Your magical capacity is low. (-10% MP) [potion of mutation]
 16401 | D:15     | Gained mutation: Your spells are a little harder to cast, but a little more powerful. [potion of mutation]
 16401 | D:15     | Gained mutation: Your natural rate of healing is unusually fast. [potion of mutation]
 16738 | D:15     | Reached XP level 14. HP: 128/128 MP: 11/11
 16740 | D:15     | Received a gift from Okawaru
 16742 | D:15     | Got a translucent chain mail {god gift}
 16763 | D:15     | Identified the +8 chain mail of Diffir {rElec Int-3 Dex+9 Stlth+} (Okawaru gifted it to you on level 15 of the Dungeon)
 17186 | Lair:1   | Entered Level 1 of the Lair of Beasts
 17238 | Lair:1   | Reached skill level 10 in Maces & Flails
 17662 | Lair:2   | Found a hole to the Spider Nest.
 17907 | Lair:2   | Received a gift from Okawaru
 18916 | Lair:3   | Found a staircase to the Swamp.
 20099 | Lair:5   | Received a gift from Okawaru
 20557 | Lair:5   | Received a gift from Okawaru
 20987 | Lair:6   | Entered Level 6 of the Lair of Beasts
 21000 | Lair:6   | Reached XP level 15. HP: 134/138 MP: 12/12
 21080 | Lair:6   | Found a staircase to the Slime Pits.
 21570 | Lair:6   | Received a gift from Okawaru
 21571 | Lair:6   | Got a crude crystal plate armour {god gift}
 21624 | Lair:6   | Reached skill level 10 in Long Blades
 21916 | Lair:6   | Reached skill level 15 in Armour
 22103 | Lair:6   | Reached skill level 15 in Fighting
 22204 | Lair:6   | Identified the +7 crystal plate armour of Qoecve {+Blink MP+9 Str+9 Dex-2} (Okawaru gifted it to you on level 6 of the Lair of Beasts)
 22380 | Orc:1    | Entered Level 1 of the Orcish Mines
 22389 | Orc:1    | Found a dark tunnel.
 22394 | Volcano  | Entered a volcano
 22601 | Orc:1    | Reached skill level 15 in Shields
 23073 | Orc:1    | Noticed Urug
 23084 | Orc:1    | Killed Urug
 23152 | Orc:2    | Entered Level 2 of the Orcish Mines
 23254 | Orc:2    | Received a gift from Okawaru
 23372 | Orc:2    | Reached XP level 16. HP: 149/149 MP: 13/13
 23418 | Orc:2    | Found Joij's Antique Weapon Emporium.
 23429 | Orc:2    | Found Onowkioh's Assorted Antiques.
 23477 | Orc:2    | Found Notaon's Antique Weapon Emporium.
 23477 | Orc:2    | Found Ziexzis's Gadget Boutique.
 23554 | Orc:2    | Found a staircase to the Elven Halls.
 23967 | Swamp:1  | Entered Level 1 of the Swamp
 24077 | Swamp:1  | Received a gift from Okawaru
 25249 | Swamp:2  | Received a gift from Okawaru
 25513 | Swamp:3  | Noticed a thorn hunter
 25530 | Swamp:3  | Killed a thorn hunter
 25769 | Swamp:3  | Noticed Bai Suzhen
 25782 | Swamp:3  | Killed Bai Suzhen
 25792 | Swamp:3  | Received a gift from Okawaru
 26228 | Swamp:4  | Entered Level 4 of the Swamp
 26573 | Swamp:4  | Received a gift from Okawaru
 26577 | Swamp:4  | Reached XP level 17. HP: 129/159 MP: 14/14
 26659 | Swamp:4  | Reached skill level 15 in Dodging
 26798 | Swamp:4  | Received a gift from Okawaru
 26826 | Swamp:4  | Got a decaying rune of Zot
 27348 | Spider:1 | Entered Level 1 of the Spider Nest
 27554 | Spider:1 | Got a crude ring mail
 27555 | Spider:1 | Identified the +1 ring mail of the Sacrificial Victim {MP+9} (You found it on level 1 of the Spider Nest)
 27816 | Spider:2 | Noticed Azrael
 27836 | Spider:2 | Noticed Jorgrun
 27943 | Spider:2 | Killed Jorgrun
 27955 | Spider:2 | Killed Azrael
 28529 | Spider:2 | Lost mutation: You have large cloven feet. [potion of mutation]
 28529 | Spider:2 | Lost mutation: Your spells are a little harder to cast, but a little more powerful. [potion of mutation]
 28529 | Spider:2 | Lost mutation: Your magical capacity is low. (-10% MP) [potion of mutation]
 28529 | Spider:2 | Lost mutation: Your natural rate of healing is unusually fast. [potion of mutation]
 28529 | Spider:2 | Gained mutation: You have supernaturally acute eyesight. (SInv) [potion of mutation]
 28530 | Spider:2 | Lost mutation: You have supernaturally acute eyesight. (SInv) [potion of mutation]
 28530 | Spider:2 | Gained mutation: Scrolls take you a little longer to read. [potion of mutation]
 28530 | Spider:2 | Gained mutation: You are covered in fur. (AC +1) [potion of mutation]
 28606 | Spider:3 | Received a gift from Okawaru
 29411 | Spider:4 | Entered Level 4 of the Spider Nest
 29461 | Spider:3 | Reached XP level 18. HP: 67/170 MP: 17/17
 29845 | Spider:4 | Noticed Agnes
 29855 | Spider:4 | Killed Agnes
 29855 | Spider:4 | Received a gift from Okawaru
 30080 | Spider:4 | Reached skill level 15 in Maces & Flails
 30494 | Spider:4 | Got a gossamer rune of Zot
 30711 | Spider:4 | Noticed Asterion
 30721 | Spider:4 | Killed Asterion
 30732 | Spider:4 | Lost mutation: Scrolls take you a little longer to read. [potion of mutation]
 30732 | Spider:4 | Lost mutation: You are covered in fur. (AC +1) [potion of mutation]
 30732 | Spider:4 | Gained mutation: You tend to lose your temper in combat. [potion of mutation]
 30732 | Spider:4 | Gained mutation: Your magical capacity is low. (-10% MP) [potion of mutation]
 30732 | Spider:4 | Gained mutation: Your natural rate of healing is unusually fast. [potion of mutation]
 30732 | Spider:4 | Gained mutation: Your movements are slightly less encumbered by armour. (ER -2) [potion of mutation]
 31034 | Elf:1    | Entered Level 1 of the Elven Halls
 31551 | Elf:1    | Found a ruined gateway.
 31572 | Desolati | Entered the Desolation of Salt
 31600 | Desolati | Received a gift from Okawaru
 31619 | Desolati | Got a pair of blackened gloves {god gift}
 31647 | Desolati | Got a twitching ivory amulet
 31657 | Desolati | Identified the Compendium of the Pure Lives
 31893 | Desolati | Identified the Compendium of Dark Secrets and Talismans
 31896 | Desolati | Got a fine scale mail
 31989 | Desolati | Reached XP level 19. HP: 149/179 MP: 16/16
 32179 | Desolati | Got a fine silver amulet
 32187 | Desolati | Identified Xoqaam's Tome of Glacial Stones
 32214 | Desolati | Reached skill level 15 in Long Blades
 32235 | Desolati | Got a transparent ivory ring
 32247 | Desolati | Identified the +4 pair of gloves of Titioxaib {Dex+6} (Okawaru gifted it to you in the Desolation of Salt)
 32258 | Desolati | Identified the cursed +1 scale mail "Viusoosa" {+Fly rElec rPois} (You found it in the Desolation of Salt)
 32271 | Desolati | Identified the amulet of Oschosam {rPois rF+ MR+ Regen+ Str+2} (You took it off an imperial myrmidon in the Desolation of Salt)
 32275 | Desolati | Identified the amulet "Deenaisa" {Harm *Drain +Blink rPois SInv} (You found it in the Desolation of Salt)
 32279 | Desolati | Identified the ring of Tobuenar {rN+ Str+5} (You took it off an ironbrand convoker in the Desolation of Salt)
 32556 | Elf:1    | Identified the Volume of Confrontation
 33070 | Elf:2    | Received a gift from Okawaru
 33097 | Elf:2    | Got a transparent short sword {god gift}
 33098 | Elf:2    | Identified the +8 short sword "Catruva" {freeze, Str+4 Int+3 Dex+3} (Okawaru gifted it to you on level 2 of the Elven Halls)
 33202 | Elf:2    | Found a runed gate.
 33203 | Elf:2    | Found a runed gate.
 33205 | Elf:2    | Found a runed gate.
 33568 | Vaults:1 | Entered Level 1 of the Vaults
 33947 | Vaults:1 | Received a gift from Okawaru
 33952 | Vaults:1 | Got a fabulously ornate robe {god gift}
 34982 | Vaults:2 | Reached XP level 20. HP: 191/191 MP: 17/17
 35862 | Vaults:3 | Found Ruapte's Antique Armour Boutique.
 35872 | Vaults:3 | Found Xiacomiu's Antique Weapon Emporium.
 35960 | Vaults:3 | Received a gift from Okawaru
 36361 | Vaults:3 | Got a slimy cloak
 36365 | Vaults:3 | Identified the +0 cloak "Amaen" {rPois Str-4 Int+6} (You found it on level 3 of the Vaults)
 36509 | Vaults:3 | Found Gulaplem's Assorted Antiques.
 36755 | Vaults:3 | Found Xiulup's Food Shoppe.
 36888 | Vaults:3 | Found a staircase to the Crypt.
 36888 | Vaults:3 | Found a basalt altar of Yredelemnul.
 36890 | Vaults:3 | Found an ancient bone altar of Kikubaaqudgha.
 37067 | Vaults:4 | Found Uneakept's Assorted Antiques.
 37072 | Vaults:4 | Found Porch's Weapon Boutique.
 37145 | Vaults:4 | Received a gift from Okawaru
 37146 | Vaults:4 | Got an ichor-stained buckler {god gift}
 37153 | Vaults:4 | Identified the +2 buckler of Tiromp {rF++ Dex+4} (Okawaru gifted it to you on level 4 of the Vaults)
 37282 | Vaults:4 | Noticed Donald
 37286 | Vaults:4 | Killed Donald
 37295 | Vaults:4 | Found Siotiot's Assorted Antiques.
 37303 | Vaults:4 | Bought a potion of heal wounds for 180 gold pieces
 37483 | Vaults:4 | Found Edwai's Gadget Boutique.
 37484 | Vaults:4 | Noticed Aizul
 37487 | Vaults:4 | Found Ellae's Distillery.
 37491 | Vaults:4 | Killed Aizul
 37502 | Vaults:4 | Bought a potion of mutation for 152 gold pieces
 37502 | Vaults:4 | Bought a potion of heal wounds for 95 gold pieces
 37502 | Vaults:4 | Bought a potion of mutation for 152 gold pieces
 37502 | Vaults:4 | Bought a potion of mutation for 152 gold pieces
 37502 | Vaults:4 | Bought a potion of haste for 190 gold pieces
 37502 | Vaults:4 | Lost mutation: Your movements are slightly less encumbered by armour. (ER -2) [potion of mutation]
 37502 | Vaults:4 | Lost mutation: Your magical capacity is low. (-10% MP) [potion of mutation]
 37502 | Vaults:4 | Lost mutation: You tend to lose your temper in combat. [potion of mutation]
 37502 | Vaults:4 | Gained mutation: Your muscles are strong. (Str +2) [potion of mutation]
 37502 | Vaults:4 | Lost mutation: Your muscles are strong. (Str +2) [potion of mutation]
 37502 | Vaults:4 | Gained mutation: You are partially covered in rugged brown scales. (AC +1, +3% HP) [potion of mutation]
 37503 | Vaults:4 | Lost mutation: Your natural rate of healing is unusually fast. [potion of mutation]
 37503 | Vaults:4 | Gained mutation: You evolve. [potion of mutation]
 37503 | Vaults:4 | Gained mutation: Your mind is acute. (Int +2) [potion of mutation]
 37504 | Vaults:4 | Lost mutation: Your mind is acute. (Int +2) [potion of mutation]
 37504 | Vaults:4 | Gained mutation: Your mind is acute. (Int +2) [potion of mutation]
 37655 | Vaults:4 | Reached XP level 21. HP: 206/206 MP: 20/20
 38010 | Vaults:4 | Noticed Mennas
 38021 | Vaults:4 | Killed Mennas
 38082 | Vaults:5 | Entered Level 5 of the Vaults
 38094 | Vaults:5 | Reached skill level 1 in Polearms
 38109 | Vaults:5 | Received a gift from Okawaru
 38110 | Vaults:5 | Got a pair of crude gloves {god gift}
 38309 | Vaults:5 | Noticed an ancient lich
 38520 | Vaults:5 | Received a gift from Okawaru
 38520 | Vaults:5 | Reached skill level 5 in Polearms
 38521 | Vaults:5 | Got a brightly glowing double sword {god gift}
 38535 | Vaults:5 | Got a shimmering copper ring
 38561 | Vaults:5 | Noticed a golden dragon
 38566 | Vaults:5 | Reached XP level 22. HP: 196/217 MP: 21/21
 38569 | Vaults:5 | Killed a golden dragon
 38572 | Vaults:5 | Killed an ancient lich
 38588 | Vaults:5 | Received a gift from Okawaru
 38784 | Vaults:5 | Identified the Catalogue of Creative Stolen Souls
 38794 | Vaults:5 | Identified the +0 pair of gloves of Okawaru {rC+ rN+ Str+2 Int-2} (Okawaru gifted it to you on level 5 of the Vaults)
 38795 | Vaults:5 | Identified the +6 double sword of Holasasm {flame, +Fly Str+4 Int+3 Dex-4} (Okawaru gifted it to you on level 5 of the Vaults)
 38797 | Vaults:5 | Identified the ring of Heimeph {*Tele Str+5} (You took it off a deep elf demonologist on level 5 of the Vaults)
 38824 | Vaults:5 | Got a dazzling scale mail
 38825 | Vaults:5 | Identified the +1 scale mail "Bungem" {MR- Dex+4} (You found it on level 5 of the Vaults)
 39118 | Vaults:5 | Received a gift from Okawaru
 39313 | Vaults:5 | Got a silver rune of Zot
 39389 | Vaults:5 | Noticed a golden dragon
 39395 | Vaults:5 | Killed a golden dragon
 39613 | Vaults:5 | Got a brightly glowing chain mail
 39893 | Vaults:5 | Got ancient ice dragon scales
 40181 | Depths:1 | Entered Level 1 of the Depths
 40361 | Depths:1 | Reached XP level 23. HP: 182/226 MP: 22/22
 40512 | Depths:1 | Noticed Mara
 40518 | Depths:1 | Noticed n0claF's illusion
 40523 | Depths:1 | Killed Mara
 40755 | Depths:1 | Found a one-way gate to the infinite horrors of the Abyss.
 40841 | Depths:1 | Found a gateway to Hell.
 41044 | Depths:1 | Found Axoitel's Gadget Boutique.
 41148 | Depths:2 | Received a gift from Okawaru
 41192 | Depths:2 | Found Doazipro's Antique Armour Emporium.
 41192 | Depths:2 | Found Istreudos's Distillery.
 41204 | Depths:2 | Bought a potion of agility for 72 gold pieces
 41204 | Depths:2 | Bought a potion of haste for 180 gold pieces
 41204 | Depths:2 | Bought a potion of heal wounds for 90 gold pieces
 41590 | Depths:2 | Found a glowing golden altar of the Shining One.
 41752 | Depths:2 | Reached skill level 10 in Polearms
 41927 | Depths:3 | Gained mutation: You are partially covered in molten scales. (AC +2) [evolution]
 42033 | Depths:3 | Received a gift from Okawaru
 42040 | Depths:3 | Got a brightly glowing flail {god gift}
 42127 | Depths:3 | Identified the +2 flail of Desertification {crush, MR+} (Okawaru gifted it to you on level 3 of the Depths)
 42408 | Depths:3 | Found a one-way gate leading to the halls of Pandemonium.
 43276 | Depths:4 | Received a gift from Okawaru
 43358 | Depths:4 | Found a gateway to a ziggurat.
 43385 | Depths:4 | HP: 1/228 [daeva/divine providence (13)]
 43387 | Depths:4 | Killed from afar by a daeva

Skill      XL: |  1  2  3  4  5  6  7  8  9 10 11 12 13 14 15 16 17 18 19 20 21 22 23 |
---------------+----------------------------------------------------------------------+-----
Dodging        | 1 2 3 4 5 6 8 9 11 12 13 14 15 16 17 18 19 20 | 20.1
Fighting       | 4 5 6 7 8 10 11 12 13 14 15 16 17 18 19 20 21 | 21.8
Armour         | 4 5 6 7 8 9 11 12 13 14 15 16 17 18 19 20 21 | 21.9
Shields        | 4 5 6 7 8 9 11 12 13 14 15 16 | 16.9
Long Blades    | 3 4 7 9 10 12 13 14 16 17 18 | 18.8
Maces & Flails | 1 3 5 6 8 9 11 12 13 14 15 16 18 19 20 | 20.0
Polearms       | 5 8 10 | 10.0

Action                   |  1- 3 |  4- 6 |  7- 9 | 10-12 | 13-15 | 16-18 | 19-21 | 22-24 || total
-------------------------+-------+-------+-------+-------+-------+-------+-------+-------++-------
Melee: Long sword        |   101 |   109 |    45 |       |       |       |       |       ||   255
       Headbutt          |    10 |    28 |    72 |   146 |   245 |   313 |   331 |   244 ||  1389
       Whip              |       |    83 |   294 |   308 |       |       |       |       ||   685
       Scimitar          |       |       |       |   348 |    81 |       |       |       ||   429
       Great mace        |       |       |       |       |   610 |  1057 |   929 |    47 ||  2643
       Double sword      |       |       |       |       |       |       |       |   622 ||   622
 Fire: Fustibalus        |       |       |       |    23 |       |       |       |       ||    23
Throw: Throwing net      |       |     1 |     1 |     1 |       |       |       |       ||     3
Invok: Heroism           |       |       |       |     1 |       |       |       |       ||     1
Evoke: Wand              |       |       |       |       |    15 |     1 |     1 |     1 ||    18
  Use: Scroll            |       |       |    13 |    13 |    13 |    11 |    16 |    16 ||    82
       Potion            |       |       |       |     4 |     3 |     5 |    13 |     5 ||    30
 Stab: Held in net/web   |       |     1 |       |     1 |       |       |       |       ||     2
  Eat: Chunk             |     1 |     9 |     6 |    12 |    25 |    24 |    20 |    15 ||   112
       Ration            |       |       |     2 |     5 |     1 |     2 |     1 |       ||    11
Armor: Scale mail        |    40 |    63 |   115 |    69 |       |       |       |       ||   287
       Plate armour      |       |       |       |   297 |   131 |       |       |       ||   428
       Chain mail        |       |       |       |       |   177 |       |       |       ||   177
       Crystal plate arm |       |       |       |       |   121 |  1203 |   500 |   434 ||  2258
Dodge: Dodged            |    33 |    61 |   101 |   400 |   825 |  1548 |   853 |   452 ||  4273
Block: Shield            |    55 |   105 |   175 |   196 |    64 |       |       |       ||   595
       Buckler           |       |       |       |   144 |       |       |       |   263 ||   407
       Rpst.: Long sword |     7 |    11 |     5 |       |       |       |       |       ||    23
       Scimitar          |       |       |       |    60 |    10 |       |       |       ||    70
       Double sword      |       |       |       |       |       |       |       |    54 ||    54
